Map: Oxide LE

Players

goblin

  • Race: Terran Terran
  • League: Grandmaster
  • Spawn Location: 7:00

Railgan - Winner!

  • Race: Zerg Zerg
  • League: Grandmaster
  • Spawn Location: 1:00

VOD

Have the link to the VOD?

Description

Time

  • Played on: Jan. 24, 2021, 10:30 a.m.
  • Length: 8:28
Show
View Real Time Build Order
Export as new Build Order

goblin Terran 

Build Orders: Reaper Expand 

Get SALT Encoding   

  12  0:00  SCV  
  13  0:12  SCV  
  14  0:16  Supply Depot  
  14  0:24  SCV  
  15  0:38  SCV  
  15  0:39  Barracks  
  16  0:43  Refinery  
  16  0:50  SCV  
  17  1:02  SCV  
  18  1:14  SCV  
  19  1:26  Reaper  
  19  1:27  Orbital Command  
  20  1:39  Command Center  
  20  1:53  SCV  
  21  1:55  Supply Depot  
  21  1:59  Reaper  
  22  2:05  SCV  
  23  2:08  Barracks  
  23  2:17  SCV  
  23  2:29  SCV  
  24  2:34  Bunker  
  24  2:36  Barracks Reactor  
  24  2:38  Refinery  
  24  2:41  Factory, SCV  
  25  2:51  Orbital Command  
  25  2:55  SCV  
  25  2:58  Barracks Tech Lab  
  26  3:07  SCV  
  26  3:12  Marine x2  
  28  3:17  Marine  
  28  3:18  Stimpack, SCV  
  28  3:19  SCV  
  32  3:30  SCV  
  32  3:32  SCV  
  33  3:35  Factory Reactor  
  33  3:36  Marine x3  
  36  3:43  Starport, SCV  
  36  3:44  SCV  
  36  3:47  Supply Depot  
  38  3:52  Supply Depot  
  38  3:54  Marine x3  
  38  3:55  SCV  
  42  3:56  SCV  
  43  4:07  SCV  
  43  4:08  SCV  
  45  4:11  Marine  
  45  4:14  Marine x2  
  47  4:19  SCV  
  47  4:20  SCV  
  49  4:28  Command Center, Medivac x2  
  49  4:29  Marine  
  54  4:32  Marine  
  54  4:33  Marine  
  54  4:37  Factory Tech Lab  
  54  4:38  SCV  
  57  4:43  Supply Depot  
  57  4:45  SCV  
  57  4:46  Supply Depot  
  57  4:47  Marine  
  57  4:50  Marine x2  
  61  4:53  SCV  
  62  5:04  SCV, Siege Tank  
  62  5:05  SCV, Marine  
  62  5:06  Refinery x2  
  68  5:11  Combat Shield  
  68  5:12  Marine x2  
  70  5:16  Supply Depot  
  70  5:17  SCV  
  70  5:19  Supply Depot, Barracks  
  71  5:22  SCV  
  72  5:29  SCV  
  72  5:34  SCV  
  74  5:37  Siege Tank  
  74  5:41  SCV  
  70  5:50  SCV  
  65  5:57  Marine x3  
  65  5:59  Orbital Command, Medivac x2  
  65  6:00  SCV  
  73  6:08  Engineering Bay  
  73  6:09  Engineering Bay  
  73  6:10  Siege Tank, Barracks, Barracks Tech Lab  
  73  6:11  Barracks  
  74  6:26  SCV  
  74  6:27  SCV  
  74  6:30  Marine x2  
  74  6:31  Marauder x2  
  74  6:32  Medivac  
  86  6:33  Orbital Command  
  80  6:47  Siege Tank  
  75  6:58  Marine x4  
  70  7:02  SCV x3  
  70  7:07  Marine x2  
  62  7:14  SCV  
  53  7:16  Marine x3  
  53  7:19  Siege Tank  
  59  7:24  Marine  
  59  7:25  Marine x2  
  60  7:35  SCV  
  60  7:40  Marauder  
  60  7:42  Marine  
  61  7:45  Marine x2, Marauder  
  63  8:00  Marine  
  63  8:03  Marine x2  
Show
View Real Time Build Order
Export as new Build Order

Railgan Zerg - Winner!

Build Orders: Pool First 

Get SALT Encoding   

  12  0:01  Drone  
  13  0:12  Overlord  
  13  0:17  Drone  
  14  0:30  Drone x2  
  16  0:42  Spawning Pool  
  15  0:45  Drone  
  15  0:48  Drone  
  17  0:59  Drone  
  18  1:15  Hatchery  
  18  1:16  Drone  
  18  1:24  Extractor  
  17  1:27  Drone  
  17  1:28  Drone  
  19  1:39  Queen  
  19  1:41  Zergling x2  
  22  1:48  Overlord  
  22  2:10  Drone  
  22  2:12  Drone  
  24  2:18  Queen  
  26  2:25  Drone  
  26  2:27  Queen  
  26  2:28  Drone  
  30  2:33  Drone  
  31  2:41  Drone  
  31  2:42  Overlord  
  32  2:48  Drone x3  
  32  2:49  Drone  
  36  2:58  Lair  
  36  3:02  Drone x2  
  36  3:03  Queen  
  40  3:06  Drone  
  41  3:14  Roach Warren  
  41  3:15  Drone  
  41  3:16  Drone  
  42  3:20  Evolution Chamber  
  40  3:27  Drone  
  40  3:28  Drone x2  
  40  3:33  Drone  
  44  3:34  Overlord  
  44  3:37  Extractor, Drone  
  44  3:38  Extractor  
  43  3:45  Drone  
  43  3:46  Overlord x2  
  44  3:49  Overlord  
  44  3:53  Drone  
  45  3:56  Drone  
  45  3:57  Glial Reconstitution  
  45  3:59  Overseer  
  45  4:02  Drone  
  47  4:09  Drone x4  
  51  4:12  Drone x3  
  51  4:14  Extractor  
  51  4:16  Drone  
  54  4:23  Roach  
  56  4:26  Zerg Ground Armor Level 1  
  56  4:30  Evolution Chamber  
  55  4:36  Hatchery  
  55  4:37  Drone  
  55  4:38  Drone  
  55  4:39  Roach  
  58  4:46  Roach x2  
  62  4:58  Roach  
  62  4:59  Roach x4  
  72  5:01  Drone  
  72  5:04  Zerg Missile Weapons Level 1  
  73  5:10  Overlord, Roach  
  75  5:14  Overlord  
  75  5:19  Roach, Spore Crawler  
  75  5:20  Overlord  
  76  5:24  Overlord  
  76  5:29  Overlord  
  76  5:33  Roach  
  76  5:34  Roach x2  
  82  5:38  Roach  
  82  5:41  Ravager  
  83  5:42  Roach  
  83  5:43  Ravager  
  83  5:45  Ravager  
  77  5:58  Roach  
  77  5:59  Roach x6  
  77  6:02  Overlord  
  77  6:03  Overlord  
  91  6:06  Overlord  
  91  6:19  Roach x4  
  91  6:22  Roach  
  101  6:27  Ravager x2  
  101  6:28  Ravager  
  101  6:29  Roach  
  101  6:30  Roach  
  110  6:33  Roach x2  
  110  6:35  Overlord  
  110  6:36  Roach  
  110  6:37  Drone  
  115  6:40  Roach  
  115  6:44  Roach  
  105  6:55  Roach  
  105  6:57  Roach x5  
  112  7:08  Roach x5  
  114  7:10  Drone  
  114  7:26  Drone x2  
  114  7:33  Drone x8  
  114  7:34  Overlord  
  120  7:39  Overlord  
  118  7:53  Overlord x2  
  120  7:58  Roach  
  120  8:04  Roach  
  120  8:05  Roach x6  
  120  8:07  Roach x2  
Tags
 
Add a new tag
Caveats
  • Supply blocks, unpowered buildings, or Contaminate may cause inaccurate times.
  • Supply counts are checked every 10 seconds.